 Dungeon Crawl Stone Soup version 0.32-a0-932-g546787307d (webtiles) character file.

Game seed: 15792876408564109614

17251825 YordlordTheGreat the Axe Maniac (level 27, 245/245 HPs)
             Began as a Minotaur Monk on Apr 13, 2024.
             Was the Champion of Qazlal.
             Escaped with the Orb
             ... and 15 runes on Apr 14, 2024!
             The game lasted 05:00:11 (90118 turns).

YordlordTheGreat the Axe Maniac (Minotaur Monk)    Turns: 90118, Time: 05:00:11

Health: 245/245    AC: 50    Str: 31    XL:     27
Magic:  39/39      EV: 26    Int:  7    God:    Qazlal [******]
Gold:   13638      SH: 39    Dex: 22    Spells: 26/26 levels left

rFire   + . .        P - +9 broad axe (spect)
rCold   + . .        g - +4 tower shield {AC+3}
rNeg    + + +        y - +5 plate armour of Kuecaennep {Fly}
rPois   ∞            N - +2 hat
rElec   +            W - +2 cloak {Will+}
rCorr   +            p - +0 pair of gloves "Empac" {rElec Dex+3}
SInv    .            C - +2 pair of boots
Will    ++++.        t - amulet "Teufekomp" {^Drain rPois Regen+ Str+4} Stlth
                     z - +4 ring of protection
HPRegen 1.40/turn    H - ring "Owaohisa" {rF+ AC+4 Dex+3}
MPRegen 0.26/turn

%: repel missiles
@: death-form, flying, studying Short Blades
A: vile attack, torment immunity, no potions, horns 2, retaliatory headbutt,
deterioration 1, frail 1, screaming 2, wild magic 1
0: Orb of Zot
}: 15/15 runes: decaying, serpentine, slimy, silver, golden, iron, obsidian,
icy, bone, abyssal, demonic, glowing, magical, fiery, dark
a: Siphon Essence, Begin Untransformation, Renounce Religion, Upheaval,
Elemental Force, Disaster Area


You escaped.
You worshipped Qazlal.
Qazlal was exalted by your worship.
You were an undying horror.
You visited 18 branches of the dungeon, and saw 88 of its levels.
You visited Pandemonium 1 time, and saw 15 of its levels.
You visited the Abyss 2 times.
You visited 1 bazaar.
You also visited: Sewer and Ice Cave.

You collected 17288 gold pieces.
You spent 3650 gold pieces at shops.

Inventory:

Hand Weapons
 P - a +9 spectral broad axe (weapon)
Armour
 g - a +4 tower shield of protection (worn)
 p - the +0 pair of gloves "Empac" (worn) {rElec Dex+3}
   (You acquired it on level 8 of the Dungeon)

   Dex+3:     It affects your dexterity (+3).
   rElec:     It insulates you from electricity.
 y - the +5 plate armour of Kuecaennep (worn) {Fly}
   (You found it on level 7 of Gehenna)

   Fly:       It grants you flight.
 C - a +2 pair of boots (worn)
 D - a +2 cloak of preservation
 N - a +2 hat (worn)
 W - a +2 cloak of willpower (worn)
Jewellery
 i - a ring of protection from cold
 k - a ring of willpower
 o - a ring of see invisible
 s - a ring of protection from fire
 t - the amulet "Teufekomp" (around neck) {^Drain rPois Regen+ Str+4}
   (You found it on level 1 of the Crypt)

   [amulet of regeneration]

   Str+4:     It affects your strength (+4).
   rPois:     It protects you from poison.
   Regen+:    It increases your rate of health regeneration.
   ^Drain:    It drains your maximum health when unequipped.
 u - the ring of the Salmon {Fly rF++ rN++ Dex+3}
   (You found it on level 3 of the Crypt)

   [ring of flight]

   Dex+3:     It affects your dexterity (+3).
   rF++:      It greatly protects you from fire.
   rN++:      It greatly protects you from negative energy.
   Fly:       It grants you flight.
 z - a +4 ring of protection (left hand)
 H - the ring "Owaohisa" (right hand) {rF+ AC+4 Dex+3}
   (You found it in Pandemonium)

   [ring of protection]

   AC+4:      It affects your AC (+4).
   Dex+3:     It affects your dexterity (+3).
   rF+:       It protects you from fire.
 U - a +6 ring of strength
 V - the ring "Vohodgh" {Fire rN++}
   (You found it on level 3 of the Crypt)

   [ring of fire]

   Fire:      It enhances your fire magic.
   rF+:       It protects you from fire.
   rC-:       It makes you vulnerable to cold.
   rN++:      It greatly protects you from negative energy.
Talismans
 e - a granite talisman
 r - the death talisman of Absence (active) {rCorr}
   (You found it on level 2 of the Realm of Zot)

   [talisman of death]

   rCorr:     It protects you from acid and corrosion.
Wands
 m - a wand of digging (60)
 B - a wand of acid (55)
 G - a wand of iceblast (96)
 I - a wand of mindburst (70)
Scrolls
 h - 13 scrolls of fog
 l - 25 scrolls of teleportation
 v - 5 scrolls of revelation
 w - 4 scrolls of enchant weapon
 A - 9 scrolls of silence
 F - a scroll of butterflies
 R - 10 scrolls of blinking
 Y - 6 scrolls of fear
Potions
 c - 2 potions of ambrosia
 d - 4 potions of berserk rage
 f - 10 potions of invisibility
 j - 21 potions of curing
 n - 7 potions of heal wounds
 q - 5 potions of haste
 E - 4 potions of magic
 J - 8 potions of might
 K - 14 potions of attraction
 M - 10 potions of lignification
 Q - 10 potions of enlightenment
 T - 4 potions of cancellation
 X - a potion of brilliance
 Z - 2 potions of resistance
Miscellaneous
 a - a sack of spiders
 b - a phantom mirror
 x - the horn of Geryon
 L - a phial of floods
 O - a lightning rod (4/4)
 S - a tin of tremorstones (2/2)


   Skills:
 O Level 27 Fighting
 O Level 27 Axes
 O Level 27 Armour
 O Level 27 Dodging
 O Level 27 Shields
 O Level 27 Invocations
 + Level 26.0 Evocations
 - Level 23.0 Shapeshifting


You had 26 spell levels left.
You didn't know any spells.
Your spell library contained the following spells:

 Spells                   Type           Power      Damage    Failure   Level
 Apportation              Tloc           0%         N/A       83%         1
 Foxfire                  Conj/Fire      0%         2x1d4     83%         1
 Freeze                   Ice            0%         1d3       83%         1
 Kiss of Death            Conj/Necr      0%         2d5       83%         1
 Magic Dart               Conj           0%         1d3       83%         1
 Necrotise                Necr           0%         1d4       83%         1
 Shock                    Conj/Air       0%         1d3       83%         1
 Slow                     Hex            0%         N/A       83%         1
 Sting                    Conj/Alch      0%         1d3       83%         1
 Summon Small Mammal      Summ           0%         N/A       83%         1
 Blink                    Tloc           0%         N/A       92%         2
 Call Imp                 Summ           0%         N/A       92%         2
 Cigotuvi's Dreadful Rot  Necr/Alch/Air  0%         N/A       92%         2
 Lesser Beckoning         Tloc           0%         N/A       92%         2
 Mercury Vapours          Alch/Air       0%         N/A       92%         2
 Momentum Strike          Conj/Tloc      0%         3d8       92%         2
 Scorch                   Fire           0%         2d5       92%         2
 Searing Ray              Conj           0%         2d4       92%         2
 Static Discharge         Conj/Air       0%         3-3/arc   92%         2
 Sublimation of Blood     Necr           0%         N/A       92%         2
 Call Canine Familiar     Summ           0%         N/A       99%         3
 Confusing Touch          Hex            0%         N/A       99%         3
 Dazzling Flash           Conj/Hex       0%         N/A       99%         3
 Frozen Ramparts          Ice            0%         1d1       99%         3
 Fugue of the Fallen      Necr           0%         N/A       99%         3
 Hailstorm                Conj/Ice       0%         3d5       99%         3
 Inner Flame              Hex/Fire       0%         N/A       99%         3
 Maxwell's Portable Pile  Tloc           0%         2d(5-13)  99%         3
 Mephitic Cloud           Conj/Alch/Air  0%         N/A       99%         3
 Ozocubu's Armour         Ice            0%         N/A       99%         3
 Passwall                 Erth           0%         N/A       99%         3
 Stone Arrow              Conj/Erth      0%         3d7       99%         3
 Summon Ice Beast         Ice/Summ       0%         N/A       99%         3
 Swiftness                Air            0%         N/A       99%         3
 Teleport Other           Tloc           0%         N/A       99%         3
 Tukima's Dance           Hex            0%         N/A       99%         3
 Vampiric Draining        Necr           0%         2d6       99%         3
 Volatile Blastmotes      Fire/Tloc      0%         2d10      99%         3
 Airstrike                Air            0%         2d(0-16)  100%        4
 Anguish                  Hex/Necr       0%         N/A       100%        4
 Animate Armour           Summ/Erth      0%         N/A       100%        4
 Animate Dead             Necr           0%         N/A       100%        4
 Brom's Barrelling Bould  Conj/Erth      0%         2d3       100%        4
 Cause Fear               Hex            0%         N/A       100%        4
 Dimensional Bullseye     Hex/Tloc       0%         N/A       100%        4
 Dispel Undead            Necr           0%         3d6       100%        4
 Flame Wave               Conj/Fire      0%         2d4       100%        4
 Fulminant Prism          Conj/Alch      0%         3d5       100%        4
 Ignite Poison            Fire/Alch      0%         N/A       100%        4
 Iskenderun's Mystic Bla Conj/Tloc 0%             2d3        (+2d1     100%        4
 Leda's Liquefaction      Alch/Erth      0%         N/A       100%        4
 Martyr's Knell           Necr/Summ      0%         N/A       100%        4
 Olgreb's Toxic Radiance  Alch           0%         N/A       100%        4
 Passage of Golubria      Tloc           0%         N/A       100%        4
 Petrify                  Alch/Erth      0%         N/A       100%        4
 Summon Blazeheart Golem  Fire/Summ      0%         N/A       100%        4
 Summon Lightning Spire   Summ/Air       0%         N/A       100%        4
 Vhi's Electric Charge    Tloc/Air       0%         N/A       100%        4
 Alistair's Intoxication  Alch           0%         N/A       100%        5
 Arcjolt                  Conj/Air       0%         1d10      100%        5
 Borgnjor's Vile Clutch   Necr/Erth      0%         N/A       100%        5
 Curse of Agony           Necr           0%         N/A       100%        5
 Fireball                 Conj/Fire      0%         3d3       100%        5
 Freezing Cloud           Conj/Ice/Air   0%         6-21      100%        5
 Irradiate                Conj/Alch      0%         3d11      100%        5
 Iskenderun's Battlesphe  Conj           0%         2d6       100%        5
 Lee's Rapid Deconstruct  Erth           0%         3d4*      100%        5
 Metabolic Englaciation   Hex/Ice        0%         N/A       100%        5
 Silence                  Hex/Air        0%         N/A       100%        5
 Summon Forest            Summ/Tloc      0%         N/A       100%        5
 Summon Mana Viper        Hex/Summ       0%         N/A       100%        5
 Yara's Violent Unravell  Hex/Alch       0%         3d3       100%        5
 Bombard                  Conj/Erth      0%         9d1       100%        6
 Conjure Ball Lightning   Conj/Air       0%         3x3d6     100%        6
 Death Channel            Necr           0%         N/A       100%        6
 Dispersal                Tloc           0%         N/A       100%        6
 Eringya's Noxious Bog    Alch           0%         4d6       100%        6
 Gell's Gavotte           Tloc           0%         2d(11-16) 100%        6
 Permafrost Eruption      Ice/Erth       0%         2x4d1     100%        6
 Plasma Beam              Fire/Air       0%         2x1d10    100%        6
 Sculpt Simulacrum        Ice/Alch       0%         N/A       100%        6
 Starburst                Conj/Fire      0%         6d3       100%        6
 Summon Cactus Giant      Summ           0%         N/A       100%        6
 Enfeeble                 Hex            0%         N/A       100%        7
 Haunt                    Necr/Summ      0%         N/A       100%        7
 Malign Gateway           Summ/Tloc      0%         N/A       100%        7
 Manifold Assault         Tloc           0%         N/A       100%        7
 Monstrous Menagerie      Summ           0%         N/A       100%        7
 Orb of Destruction       Conj           0%         9d5       100%        7
 Spellforged Servitor     Conj/Summ      0%         N/A       100%        7
 Summon Hydra             Summ           0%         N/A       100%        7
 Borgnjor's Revivificati  Necr           0%         N/A       100%        8
 Discord                  Hex            0%         N/A       100%        8
 Disjunction              Tloc           0%         N/A       100%        8
 Ignition                 Fire           0%         3d3       100%        8
 Infestation              Necr           0%         N/A       100%        8
 Lehudib's Crystal Spear  Conj/Erth      0%         10d2      100%        8
 Maxwell's Capacitive Co  Air            0%         ∞         100%        8
 Chain Lightning          Conj/Air       0%         N/A       100%        9
 Fire Storm               Conj/Fire      0%         5d1       100%        9
 Shatter                  Erth           0%         3d5*      100%        9


Dungeon Overview and Level Annotations

Branches:
Dungeon (15/15)            Temple (1/1) D:6            Lair (5/5) D:9
  Swamp (4/4) Lair:2        Snake (4/4) Lair:3        Slime (5/5) Lair:4
    Orc (2/2) D:12            Elf (3/3) Orc:2        Vaults (5/5) D:14
  Crypt (3/3) Vaults:3       Tomb (3/3) Crypt:3      Depths (4/4) D:15
   Hell (visited)             Dis (7/7) Hell            Geh (7/7) Hell
    Coc (7/7) Hell            Tar (7/7) Hell            Zot (5/5) Depths:4
  Sewer (visited)           IceCv (visited)

Altars:
Ashenzari
Cheibriados
Dithmenos
Elyvilon
Fedhas
Gozag
Hepliaklqana
Kikubaaqudgha
Makhleb
Nemelex Xobeh
Okawaru
Qazlal
Ru
Sif Muna
Trog
Uskayaw
Vehumet
Wu Jian
Xom
Yredelemnul
Zin
The Shining One
Beogh
Jiyva

Shops:
Orc:2 [[(([[   Elf:1 :   Snake:2 ?:!   Snake:4 (   Depths:1 =

Portals:
Hell: Depths:1 Depths:2 Depths:3 Depths:4
Abyss: Depths:3
Pandemonium: Depths:2
Ziggurat: Depths:4

Annotations:
D:8 3 runed translucent doors, Drangen's ghost, novice CoHu
Vaults:1 3 runed translucent doors, abarbat's ghost, adept MiBe
Zot:3 2 transporters


Innate Abilities, Weirdness & Mutations

You are an undying horror.
Your melee and unarmed attacks drain, slow and weaken victims.
You are immune to unholy pain and torment.
You cannot drink.
You are immune to poison.
You have a pair of horns on your head.
You reflexively headbutt those who attack you in melee.
Your body sometimes deteriorates upon taking damage.
You are frail. (-10% HP)
You frequently scream uncontrollably at your foes.
Your spells are a little harder to cast, but a little more powerful.


Message History

You kill the demonspawn corrupter!
Qazlal accepts your kill.
The titanic slime creature disappears in a puff of smoke!
The flayed ghost disappears in a puff of smoke!
The deep elf high priest disappears in a puff of smoke!
The deep elf blademaster disappears in a puff of smoke!
The titanic slime creature disappears in a puff of smoke!
Your +9 spectral broad axe disappears.
Unknown command.
There is a stone staircase leading up here.
You are no longer corroded.
You fly upwards.
There is a stone staircase leading down here.
Things that are here:
a +0 club; a gnoll skeleton
Things that are here:
a +0 spear; a gnoll skeleton
Things that are here:
a +0 flail; a gnoll skeleton
There is a stone staircase leading up here.
You fly upwards.
There is a stone staircase leading down here.
A tormentor comes into view.
There is a stone staircase leading up here.
You fly upwards.
There is a stone staircase leading down here.
There is a stone staircase leading up here.
You fly upwards.
There is a stone staircase leading down here.
There is a stone staircase leading up here.
You fly upwards.
There is a stone staircase leading down here.
Unknown command.
You see here a deep dwarf skeleton.
There is a staircase leading out of the dungeon here.
You are a level 27 Minotaur Monk.
I'm sorry, level 27 is as high as you can go.
With the way you've been playing, I'm surprised you got this far.
Play time: 05:00:10 (90117 turns).
You are forever immune to Zot's power.
You have escaped!

##.##... ##.......
#.#..∩...
####...#∩...
###∩∩∩...###..
###.............
##.......).......
##§..÷............
#z.....÷..........
#####.....÷.......
#.∩##∩∩##∩###∩
########### ##


There were no monsters in sight!

Vanquished Creatures
  Cerebov (Pan)
  Asmodeus (Geh:7)
  Antaeus (Coc:7)
  the Royal Jelly (Slime:5)
  Mnoleg (Pan)
  Ereshkigal (Tar:7)
  Gloorx Vloq (Pan)
  Lom Lobon (Pan)
  the Serpent of Hell (Coc:7)
  Dispater (Dis:7)
  2 ancient liches
  Khufu (Crypt:1)
  2 dread liches
  Mara (Swamp:4)
  Mennas (Pan)
  10 pandemonium lords
  4 orbs of fire
  15 royal mummies
  15 juggernauts
  Sojobo (Depths:3)
  Boris (thrice) (Vaults:2 Crypt:1 Tomb:3)
  12 shard shrikes
  8 Killer Klowns (Zot:5)
  Margery (Crypt:2)
  Bai Suzhen (Crypt:3)
  A curse toe (Zot:3)
  47 caustic shrikes
  6 golden dragons
  Geryon (Hell)
  10 profane servitors
  22 bone dragons
  14 Brimstone Fiends
  10 iron giants
  9 doom hounds
  A spectral shard shrike (Tar:5)
  3 electric golems
  Zenata (Crypt:2)
  30 Ice Fiends
  22 Tzitzimimeh
  17 Hell Sentinels
  20 tentacled monstrosities
  6 liches
  18 hellephants
  26 Orb Guardians
  3 walking crystal tomes
  2 deep elf blademasters (Elf:3)
  A walking earthen tome (Depths:3)
  15 tainted leviathans
  Mlioglotl (Snake:1)
  2 shard shrike skeletons
  Grunn (Zot:2)
  4 quicksilver dragons
  2 walking frostbound tomes (Pan)
  25 titans
  3 walking divine tomes (Depths:3)
  A tentacled starspawn (Abyss:3)
  20 searing wretches
  20 acid blobs
  4 deep elf master archers (Elf:3)
  35 ancient champions
  8 sphinxes
  35 Executioners
  4 death cobs
  The ghost of Tauxin the Severer, an adept FoFi of Okawaru (Swamp:2)
  Frances (D:14)
  An eldritch tentacle (Pan)
  Kirke (D:13)
  11 shadow dragons
  9 storm dragons
  10 tengu reavers
  Roxanne (Snake:3)
  5 fenstrider witches
  9 nagarajas
  Aizul (Snake:3)
  The ghost of Zacwoi the Marksfrog, an adept BaHs of Cheibriados (Lair:2)
  17 protean progenitors
  5 revenants
  22 rockslimes
  8 draconian monks
  23 narguns
  15 demonspawn warmongers (Pan)
  11 draconian shifters
  27 azure jellies
  17 iron dragons
  7 draconian knights
  36 fire giants
  9 draconian scorchers
  19 frost giants
  Louise (D:15)
  15 vault wardens
  10 quicksilver elementals
  6 ghost moths
  A spectral caustic shrike (Tar:2)
  64 balrugs
  8 deep elf sorcerers
  4 ghouls
  6 deep elf elementalists
  20 reapers
  9 demonspawn corrupters
  A caustic shrike zombie (Tomb:3)
  6 shard shrike simulacra
  8 draconian stormcallers
  17 ironbound preservers
  4 juggernaut skeletons
  17 demonspawn blood saints (Pan)
  5 curse skulls
  3 orc warlords
  27 cacodemons
  22 very ugly things
  4 caustic shrike skeletons
  A spriggan defender (Depths:4)
  15 quicksilver oozes
  21 formless jellyfish
  30 stone giants
  9 draconian annihilators
  5 ironbound thunderhulks
  7 vampire knights
  4 eleionomae
  9 lorocyprocas (Pan)
  7 deep elf annihilators
  4 bennus
  8 deep elf death magi
  16 putrid mouths
  17 green draconians
  24 elemental wellsprings
  7 bunyips
  The ghost of Ilemutol the Brawler, a journeyman DrMo of Yredelemnul (D:15)
  7 black draconians
  9 yellow draconians
  6 deep elf demonologists
  12 dire elephants
  14 purple draconians
  10 demonspawn black suns
  50 war gargoyles
  14 red draconians
  Azrael (Elf:2)
  18 wendigos
  16 white draconians
  14 spark wasps
  15 ettins
  44 blizzard demons
  7 eidola
  17 iron golems
  A merfolk javelineer (Depths:3)
  6 jiangshi (Crypt:1)
  18 mummy priests
  Josephine (Lair:5)
  28 green deaths
  A spectral quicksilver dragon (Tar:2)
  Snorg (D:11)
  7 fire dragons
  A spectral golden dragon (Tar:1)
  2 quicksilver dragon zombies (Crypt:3)
  10 deep elf high priests
  5 crystal guardians
  2 entropy weavers
  20 ice dragons
  2 shambling mangroves
  2 quicksilver dragon skeletons (Crypt:1)
  12 yaktaur captains
  Harold (Lair:2)
  An entropy weaver (shapeshifter) (Vaults:5)
  27 vault guards
  2 kraken zombies (Hell)
  6 caustic shrike simulacra
  16 great orbs of eyes
  14 hydras
  2 jorogumos (Pan)
  3 spriggan air magi
  9 juggernaut simulacra
  A spectral fenstrider witch (Tar:2)
  2 hell beasts
  7 alligators
  6 salamander tyrants
  2 ghost crabs
  2 peacekeepers
  2 catoblepae
  4 rakshasas
  A merfolk aquamancer (Pan)
  9 boulder beetles
  A spectral stone giant (Tar:1)
  15 centaur warriors
  14 ironbound frosthearts
  30 dancing weapons
  A sphinx zombie (D:15)
  Erica (D:8)
  7 anacondas
  3 ogre magi
  12 stokers
  22 two-headed ogres
  A death knight (D:15)
  3 tengu warriors
  6 deep troll shamans
  4 spriggan berserkers
  6 deep troll earth magi
  12 death yaks (Lair:5)
  30 death scarabs
  20 demonic crawlers
  3 occultists
  An orc high priest (D:15)
  A spectral dire elephant (Tar:3)
  A storm dragon zombie (Hell)
  A spectral storm dragon (Tar:1)
  7 vampire magi
  12 naga sharpshooters
  A thrashing horror (Abyss:3)
  2 spectral nagas (Tar:2)
  50 hell hogs
  9 naga warriors
  4 skysharks
  6 shock serpents
  15 crystal echidnas
  116 sun demons
  22 deep elf knights
  67 soul eaters
  22 hell knights
  8 iron trolls
  28 skeletal warriors
  A spectral bunyip (Tar:1)
  A titan skeleton (Hell)
  Nergalle (D:10)
  A spectral catoblepas (Tar:1)
  A fire crab (Lair:5)
  4 wretched stars (Abyss:3)
  31 sixfirhies
  4 goliath frogs (Swamp:2)
  Lodul (D:14)
  6 hellephant skeletons (Pan)
  6 salamander mystics
  A spectral anaconda (Tar:5)
  9 swamp dragons
  2 cherubim
  14 shadow wraiths
  11 naga ritualists
  A quicksilver dragon simulacrum (Coc:7)
  An anaconda zombie (Hell)
  13 mana vipers
  10 glowing orange brains
  55 deep trolls
  A mana viper (shapeshifter) (Depths:3)
  4 sea snakes (Snake:4)
  2 flayed ghosts
  11 arcanists
  9 spriggan druids
  A swamp dragon (shapeshifter) (Vaults:5)
  15 shadow demons
  21 deep elf archers
  15 ironbound convokers
  3 orange crystal statues
  3 spriggan simulacra
  An orb spider (Abyss:3)
  A shadow dragon zombie (Crypt:3)
  21 sun moths (Pan)
  5 kraken simulacra (Coc:7)
  14 bog bodies
  20 necromancers
  2 golden dragon skeletons
  12 phantasmal warriors
  14 lindwurms
  4 alligator zombies
  22 starcursed masses (Abyss:3)
  2 fenstrider witch simulacra (Coc:1)
  17 orc knights
  32 deep elf zephyrmancers
  4 harpies
  7 shining eyes
  A human zombie (Vaults:3)
  6 thermic dynamos
  10 cyclopes
  13 salamanders
  A spectral ettin (Tar:1)
  37 deep elf pyromancers
  3 manticores
  50 ugly things
  A stone giant zombie (Tomb:2)
  An orc sorcerer (Orc:2)
  2 will-o-the-wisps (Swamp:2)
  3 meliai (D:15)
  26 elephants
  A goliath frog skeleton (Crypt:2)
  40 large abominations
  6 rust devils
  30 moths of wrath
  4 Executioner simulacra (Pan)
  2 worldbinders (Abyss:3)
  A centaur zombie (Hell)
  2 kobold blastminers (Orc:2)
  4 frost giant skeletons
  A storm dragon simulacrum (Coc:2)
  3 guardian serpents
  7 stone giant skeletons (Geh:2)
  2 naga zombies
  14 naga magi
  34 smoke demons
  13 vault sentinels
  A black mamba (shapeshifter) (D:13)
  7 ice statues
  2 dire elephant zombies
  A gargoyle (D:12)
  5 titan simulacra
  An alligator snapping turtle zombie (Crypt:1)
  53 black mambas
  25 orange demons
  7 cane toads
  2 dire elephant skeletons
  2 centaur skeletons
  5 unseen horrors (Tar:7)
  An orc skeleton (Hell)
  An eye of devastation (shapeshifter) (Depths:2)
  7 rime drakes
  3 sea snake zombies (Hell)
  7 anaconda simulacra
  23 efreet
  A pale draconian skeleton (Crypt:2)
  20 yaktaurs
  2 kobold demonologists
  A minotaur zombie (Crypt:3)
  13 freezing wraiths
  30 tormentors
  9 komodo dragons
  A bunyip simulacrum (Coc:2)
  3 tengu conjurers
  42 hellions
  2 iron giant simulacra
  A green draconian zombie (Crypt:1)
  2 golden dragon simulacra (Coc:7)
  2 spectral harpies
  An alligator snapping turtle skeleton (Hell)
  A yaktaur (shapeshifter) (Depths:3)
  A minotaur skeleton (Crypt:3)
  40 guardian mummies
  11 ice devils
  11 red devils
  7 harpy zombies
  A sea snake skeleton (Hell)
  A bloated husk (Swamp:2)
  22 hellwings (Pan)
  A green draconian skeleton (Crypt:2)
  3 merfolk (Zot:1)
  16 trolls
  2 silent spectres
  14 hornets
  13 tyrant leeches
  11 polar bears
  8 raiju
  A hydra skeleton (Crypt:1)
  2 stone giant simulacra
  A frost giant simulacrum (Vaults:3)
  3 dream sheep (Lair:5)
  3 ettin zombies
  4 glass eyes
  A tarantella (Vaults:3)
  10 blink frogs
  A jumping spider (shapeshifter) (Vaults:5)
  A guardian serpent zombie (Crypt:2)
  2 spriggan zombies
  A harpy skeleton (Crypt:1)
  An iron dragon simulacrum (Coc:3)
  113 slime creatures
  4 naga simulacra
  2 vampires
  A wind drake zombie (Crypt:2)
  6 culicivoras
  A wyvern (Lair:5)
  3 water elementals
  9 wraiths
  32 ynoxinuls
  52 yaks
  6 dire elephant simulacra
  16 spriggans
  6 hogs (D:13)
  16 humans (D:14)
  8 fire bats
  22 ushabtiu
  6 basilisks
  9 fire elementals
  5 swamp worm simulacra (Swamp:4)
  2 hogs (shapeshifter)
  A black mamba skeleton (Tomb:3)
  An ettin skeleton (Crypt:3)
  A golden eye (Slime:5)
  A yak (shapeshifter) (Elf:3)
  5 wargs
  4 redbacks
  A sea snake simulacrum (Hell)
  2 steam dragons
  15 neqoxecs
  29 chaos spawn
  8 swamp worms
  15 harpy simulacra
  2 vampire mosquitoes (Swamp:2)
  18 hydra simulacra
  A swamp worm (shapeshifter) (Vaults:5)
  7 small abominations (Abyss:3)
  3 great orb of eyes simulacra (IceCv)
  A merfolk zombie (Crypt:2)
  48 nagas
  29 hell hounds
  A water nymph zombie (Crypt:1)
  A naga skeleton (Crypt:1)
  5 swamp drakes
  A faun skeleton (Crypt:2)
  A glowing shapeshifter skeleton (Vaults:3)
  18 water moccasins
  Pargi (Sewer)
  5 ettin simulacra
  3 ice beasts
  27 orc warriors
  12 black bears
  38 laughing skulls
  A swamp dragon zombie (Tomb:2)
  A black mamba simulacrum (Crypt:1)
  A dream sheep skeleton (Crypt:2)
  38 ogres
  20 wolves
  3 boggarts (D:15)
  13 centaurs
  A swamp dragon skeleton (Tomb:1)
  A human skeleton (Vaults:3)
  5 slime creature simulacra (IceCv)
  5 kobold brigands
  4 brain worms
  3 weeping skulls (Coc:4)
  4 bullfrogs (Lair:1)
  A scorpion (shapeshifter) (Depths:3)
  An earth elemental (Abyss:3)
  2 glowing shapeshifter simulacra (IceCv)
  2 scorpions (D:4)
  9 wights
  4 killer bees
  2 spriggan skeletons
  11 electric eels
  2 howler monkeys
  2 lava snakes (D:11)
  A quasit (Abyss:3)
  4 jellies
  10 hounds
  14 orc priests
  2 gnoll boudas
  An iron imp (Abyss:3)
  2 iguanas (D:5)
  23 orc wizards
  2 hound zombies (Crypt:1)
  50 mummies
  Robin (D:2)
  6 adders
  24 gnolls
  A shadow imp (Tar:7)
  3 white imps
  4 ufetubi
  3 swamp drake simulacra (Swamp:4)
  4 dart slugs
  2 ribbon worms (D:2)
  65 orcs
  5 ball pythons
  13 endoplasms
  4 giant cockroaches (D:4)
  11 goblins
  15 hobgoblins
  5 jackals
  28 kobolds
  2 quokkas
  12 bats
  A frilled lizard (D:1)
  10 rats
  4 aspiring fleshes
  6 ball lightnings (Pan)
  3 creeping infernos
  26 fire vortices
  3 spectral weapons
  A starspawn tentacle (Snake:1)
  8 tentacles (Hell)
4672 creatures vanquished.

Vanquished Creatures (collateral kills)
  A caustic shrike (Dis:4)
  An Orb Guardian (Zot:5)
  An ancient champion (Dis:1)
  A quicksilver elemental (Dis:4)
  An elemental wellspring (Coc:7)
  An eleionoma (Swamp:4)
  A war gargoyle (Dis:1)
  A naga (Snake:1)
8 creatures vanquished.

Vanquished Creatures (others)
  A hellephant (Geh:5)
  A walking frostbound tome (Pan)
  2 Executioners (Pan)
  A nargun (Coc:7)
  A draconian knight (Zot:3)
  A demonspawn blood saint (Pan)
  A wendigo (Coc:3)
  2 yellow draconians (Zot:1)
  A bunyip (Swamp:4)
  A white draconian (Zot:1)
  A shambling mangrove (Swamp:2)
  3 juggernaut simulacra
  A stoker (Geh:4)
  A merfolk aquamancer (Pan)
  2 deep elf knights
  A sixfirhy (Pan)
  2 quicksilver dragon simulacra (Coc:7)
  A kraken simulacrum (Coc:7)
  2 spriggan simulacra
  A deep elf zephyrmancer (Elf:2)
  2 deep elf pyromancers
  3 moths of wrath
  A rust devil (Hell)
  A vault sentinel (Vaults:2)
  A titan simulacrum (Coc:6)
  A black mamba (Snake:3)
  2 smoke demons (Pan)
  2 orange demons (D:13)
  2 hellwings (Pan)
  3 bloated husks
  A black mamba zombie (Hell)
  2 stone giant simulacra
  2 dire elephant simulacra (Coc:5)
  5 naga simulacra
  A ynoxinul (Pan)
  A fire bat (Pan)
  A chaos spawn (Pan)
  A swamp worm (Swamp:4)
  An ettin simulacrum (Coc:6)
  An ogre (Orc:2)
  A mummy (Tomb:3)
  2 orcs
  20 ball lightnings
  6 creeping infernos
  A fire vortex (Geh:7)
  10 foxfires (Swamp:2)
  297 spectral weapons
  6 starspawn tentacles
  13 tentacles
417 creatures vanquished.

Grand Total: 5097 creatures vanquished

Notes
Turn   | Place    | Note
-------+----------+-------------------------------------------
     0 | D:1      | YordlordTheGreat the Minotaur Monk began the quest for the
                  | Orb.
     0 | D:1      | Reached XP level 1. HP: 19/19 MP: 0/0
   105 | D:1      | Reached XP level 2. HP: 26/26 MP: 1/1
   696 | D:2      | Reached skill level 5 in Axes
   701 | D:2      | Reached XP level 3. HP: 28/31 MP: 2/2
   967 | D:2      | Reached XP level 4. HP: 39/39 MP: 3/3
  1196 | D:2      | Noticed Robin
  1217 | D:2      | Killed Robin
  1600 | D:2      | Reached XP level 5. HP: 45/45 MP: 4/4
  2025 | D:3      | Found a faded altar of an unknown god.
  2397 | D:3      | Found a white marble altar of Elyvilon.
  2551 | D:3      | Found an iron altar of Okawaru.
  2577 | D:3      | Reached XP level 6. HP: 33/51 MP: 5/5
  2907 | D:3      | Identified the +7 dagger of Termination {venom, rElec rC+
                  | Dex+2}
  3470 | D:4      | Found a glowing drain.
  3476 | Sewer    | Entered a sewer
  3510 | Sewer    | Noticed Pargi
  3541 | Sewer    | Killed Pargi
  3542 | Sewer    | Reached skill level 10 in Axes
  3542 | Sewer    | Reached XP level 7. HP: 27/57 MP: 6/6
  3654 | Sewer    | Identified 2 scrolls of acquirement
  3664 | Sewer    | Acquired a granite talisman
  4108 | D:5      | Entered Level 5 of the Dungeon
  4119 | D:5      | Reached skill level 1 in Shapeshifting
  4349 | D:5      | Reached XP level 8. HP: 67/67 MP: 7/7
  4455 | D:5      | Reached skill level 5 in Fighting
  5555 | D:6      | Found a staircase to the Ecumenical Temple.
  5566 | Temple   | Entered the Ecumenical Temple
  5572 | Temple   | Became a worshipper of Qazlal Stormbringer
  5572 | Temple   | Reached * piety under Qazlal
  5572 | Temple   | Reached ** piety under Qazlal
  5919 | D:6      | Reached skill level 1 in Invocations
  5919 | D:6      | Reached XP level 9. HP: 67/75 MP: 8/8
  6186 | D:7      | Found a blossoming altar of Fedhas.
  6443 | D:7      | Found a shadowy altar of Dithmenos.
  6917 | D:8      | Found a runed translucent gate.
  7134 | D:8      | Found a runed translucent gate.
  7134 | D:8      | Found a runed translucent gate.
  7136 | D:8      | Found an opulent altar of Gozag.
  7137 | D:8      | Noticed a troll
  7137 | D:8      | Noticed Drangen's ghost (novice CoHu)
  7288 | D:8      | Noticed Erica
  7296 | D:8      | Killed Erica
  7297 | D:8      | Reached skill level 5 in Shapeshifting
  7386 | D:8      | Acquired the +0 pair of gloves "Empac" {rElec Dex+3}
  7432 | D:8      | Reached XP level 10. HP: 80/86 MP: 11/11
  7873 | D:9      | Found a staircase to the Lair.
  7885 | D:9      | Noticed a two-headed ogre
  8093 | D:9      | Killed a two-headed ogre
  8494 | D:9      | Found a glowing golden altar of the Shining One.
  8618 | D:10     | Entered Level 10 of the Dungeon
  8695 | D:10     | Noticed a two-headed ogre
  8705 | D:10     | Killed a two-headed ogre
  8825 | D:10     | Found a broken altar of Ashenzari.
  8831 | D:10     | Noticed Nergalle
  8853 | D:10     | HP: 3/74 [spectral orc knight/+0 halberd[Nergalle] (3)]
  8853 | D:10     | HP: 1/74 [spectral orc knight/+0 halberd[Nergalle] (2)]
  8854 | D:10     | Killed Nergalle
  9208 | D:10     | Identified the +6 falchion of the Jolly Servitors {freeze,
                  | rN+ Int+3}
  9340 | D:10     | Reached XP level 11. HP: 71/95 MP: 13/13
  9365 | D:10     | Reached skill level 5 in Invocations
  9367 | D:10     | Noticed an occultist
  9375 | D:10     | Killed an occultist
  9376 | D:10     | Noticed a flayed ghost
  9386 | D:10     | Killed a flayed ghost
  9390 | D:10     | Noticed a tengu warrior
  9535 | D:10     | Killed a tengu warrior
  9536 | D:10     | Reached skill level 15 in Axes
  9619 | D:10     | Noticed a boulder beetle
  9873 | D:10     | Killed a boulder beetle
 10103 | D:11     | Noticed a two-headed ogre
 10109 | D:11     | Killed a two-headed ogre
 10183 | D:11     | Noticed a two-headed ogre
 10193 | D:11     | Killed a two-headed ogre
 10261 | D:11     | Noticed a two-headed ogre
 10267 | D:11     | Killed a two-headed ogre
 10503 | D:11     | Noticed Snorg
 10528 | D:11     | Killed Snorg
 10733 | D:11     | Reached XP level 12. HP: 101/106 MP: 15/15
 11121 | D:12     | Reached skill level 10 in Fighting
 11215 | D:12     | Found a staircase to the Orcish Mines.
 11318 | D:12     | Reached *** piety under Qazlal
 12131 | Lair:1   | Entered Level 1 of the Lair of Beasts
 13098 | Lair:2   | Reached **** piety under Qazlal
 13397 | Lair:2   | Reached XP level 13. HP: 111/116 MP: 17/17
 13413 | Lair:2   | Found a staircase to the Swamp.
 13454 | Lair:2   | Noticed Harold
 13813 | Lair:2   | Killed Harold
 14233 | Lair:3   | Reached skill level 10 in Shapeshifting
 14249 | Lair:3   | Reached ***** piety under Qazlal
 14354 | Lair:3   | HP: 2/116 [skyshark (11)]
 14511 | Lair:3   | Found a staircase to the Snake Pit.
 15369 | Lair:4   | Reached XP level 14. HP: 110/126 MP: 19/19
 15734 | Lair:4   | Found a viscous altar of Jiyva.
 15734 | Lair:4   | Found a staircase to the Slime Pits.
 15938 | Lair:5   | Entered Level 5 of the Lair of Beasts
 16153 | Lair:5   | Reached skill level 1 in Evocations
 16414 | Lair:5   | Identified the +6 orcbow "Afror" {drain, rPois Will+++
                  | Int+2 Stlth-}
 16492 | Lair:5   | Reached ****** piety under Qazlal
 16628 | Lair:5   | Noticed Josephine
 16640 | Lair:5   | Killed Josephine
 17472 | Lair:5   | Reached XP level 15. HP: 128/136 MP: 21/21
 17536 | Lair:5   | Reached skill level 10 in Invocations
 17991 | Orc:1    | Entered Level 1 of the Orcish Mines
 18486 | Orc:2    | Entered Level 2 of the Orcish Mines
 18618 | Orc:2    | Found Yproph's Armour Shop.
 18626 | Orc:2    | Bought a +0 cloak of preservation for 184 gold pieces
 18647 | Orc:2    | Found a staircase to the Elven Halls.
 18860 | Orc:2    | Found Upotsed's Armour Shoppe.
 18894 | Orc:2    | Found a shimmering altar of Xom.
 18999 | Orc:2    | Found Huefaizo's Antique Weapon Boutique.
 19017 | Orc:2    | Found Xipared's Antique Armour Boutique.
 19018 | Orc:2    | Found Teakhladgh's Antique Armour Shoppe.
 19058 | Orc:2    | Found Vuqaam's Weapon Shop.
 19288 | Orc:2    | Bought a tower shield for 121 gold pieces
 19511 | Snake:1  | Entered Level 1 of the Snake Pit
 19699 | Snake:1  | Reached skill level 1 in Shields
 20356 | Snake:1  | Noticed Mlioglotl
 20358 | Snake:1  | Noticed a tentacled starspawn
 20365 | Snake:1  | Killed Mlioglotl
 20797 | Snake:2  | Reached XP level 16. HP: 121/146 MP: 23/23
 21080 | Snake:2  | Found Pogoi's Distillery.
 21080 | Snake:2  | Found Omamid's Book Shoppe.
 21084 | Snake:2  | Found Kuneotz's Magic Scroll Emporium.
 21088 | Snake:2  | Bought a potion of might for 48 gold pieces
 21088 | Snake:2  | Bought a potion of mutation for 96 gold pieces
 21092 | Snake:2  | Bought a scroll of identify for 36 gold pieces
 21092 | Snake:2  | Bought a scroll of poison for 72 gold pieces
 21126 | Snake:2  | Identified the +3 long sword of the Philosopher {drain,
                  | +Blink rPois Dex-5}
 21753 | Snake:3  | Identified the serpent talisman of the Orb {Will+ Str-3
                  | Dex+4}
 21753 | Snake:3  | Noticed Aizul
 21763 | Snake:3  | Killed Aizul
 21776 | Snake:3  | Reached skill level 5 in Shields
 21834 | Snake:3  | Found a glowing golden altar of the Shining One.
 21870 | Snake:3  | Noticed Roxanne
 21889 | Snake:3  | Killed Roxanne
 22601 | Snake:3  | Identified the +4 trident of Anguish {flame, +Blink rC+
                  | rN++ Str-2}
 22913 | Snake:4  | Entered Level 4 of the Snake Pit
 22990 | Snake:4  | Found Jaemicadal's Weapon Shop.
 23143 | Snake:4  | Reached XP level 17. HP: 152/152 MP: 25/25
 23557 | Snake:4  | Got a serpentine rune of Zot
 24050 | Swamp:1  | Entered Level 1 of the Swamp
 24055 | Swamp:1  | Found a runed translucent gate.
 24055 | Swamp:1  | Found a runed translucent gate.
 24055 | Swamp:1  | Found a runed translucent gate.
 24056 | Swamp:1  | Noticed Zacwoi's ghost (adept BaHs)
 24239 | Lair:2   | Killed Zacwoi's ghost
 25002 | Swamp:1  | Reached skill level 15 in Shapeshifting
 25025 | Swamp:2  | Found a transporter.
 25101 | Swamp:2  | Found a transporter.
 25243 | Swamp:2  | Noticed a tentacled monstrosity
 25244 | Swamp:2  | Noticed Tauxin's ghost (adept FoFi)
 25782 | Swamp:3  | Reached XP level 18. HP: 116/160 MP: 27/27
 26044 | Swamp:4  | Entered Level 4 of the Swamp
 26289 | Swamp:4  | Found a glacial archway.
 26302 | IceCv    | Entered an ice cave
 26463 | IceCv    | Found a viscous altar of Jiyva.
 26680 | Swamp:4  | Noticed Mara
 26690 | Swamp:4  | Noticed YordlordTheGreat's illusion
 26690 | Swamp:4  | Killed Mara
 26938 | Swamp:4  | Got a decaying rune of Zot
 27726 | D:13     | Noticed Kirke
 27736 | D:13     | Killed Kirke
 28012 | D:14     | Found a gate to the Vaults.
 28093 | D:14     | Noticed Frances
 28097 | D:14     | Noticed Lodul
 28103 | D:14     | Killed Frances
 28107 | D:14     | Killed Lodul
 28918 | D:15     | Entered Level 15 of the Dungeon
 28951 | D:15     | Paralysed by an ogre mage for 2 turns
 28962 | D:15     | Reached XP level 19. HP: 167/167 MP: 23/29
 28963 | D:15     | Noticed Louise
 28971 | D:15     | Killed Louise
 29023 | D:15     | Found a broken altar of Ashenzari.
 29034 | D:15     | Found a staircase to the Depths.
 29293 | D:15     | Reached skill level 15 in Invocations
 29395 | D:15     | Found a runed translucent gate.
 29395 | D:15     | Noticed Ilemutol's ghost (journeyman DrMo)
 29396 | D:15     | Found a runed translucent gate.
 29397 | D:15     | Found a runed translucent gate.
 29403 | D:15     | Identified the amulet of Ureonin {Faith rF+ rN+ Will+}
 29740 | D:15     | Found a roughly hewn altar of Beogh.
 29769 | D:15     | Killed Ilemutol's ghost
 29844 | Vaults:1 | Entered Level 1 of the Vaults
 30338 | Vaults:1 | Found a flickering gateway to a bazaar.
 30350 | Bazaar   | Entered a bazaar
 30351 | Bazaar   | Found Yfenamae's Jewellery Shoppe.
 30354 | Bazaar   | Found Oheitwuinn's Distillery.
 30375 | Bazaar   | Found Utruota's Armour Shoppe.
 30402 | Bazaar   | Found Cojex's General Store.
 30410 | Bazaar   | Bought a scroll of teleportation for 39 gold pieces
 30450 | Bazaar   | Bought a potion of might for 40 gold pieces
 30450 | Bazaar   | Bought a potion of mutation for 80 gold pieces
 30450 | Bazaar   | Bought a potion of curing for 30 gold pieces
 30450 | Bazaar   | Bought a potion of haste for 100 gold pieces
 30450 | Bazaar   | Bought a potion of lignification for 30 gold pieces
 30457 | Bazaar   | Bought a ring of willpower for 200 gold pieces
 30832 | Vaults:1 | Found a runed translucent gate.
 30832 | Vaults:1 | Found a runed translucent gate.
 30832 | Vaults:1 | Found a runed translucent gate.
 30833 | Vaults:1 | Noticed abarbat's ghost (adept MiBe)
 30982 | Vaults:1 | Identified the amulet "Zeqepn" {Will+ RegenMP+ Int+5}
 30985 | Vaults:1 | Found an iron altar of Okawaru.
 31250 | Vaults:2 | Identified the +4 robe "Syssyen" {Harm *Corrode *Slow Fly}
 31250 | Vaults:2 | Noticed Boris
 31258 | Vaults:2 | Killed Boris
 31325 | Vaults:2 | Reached skill level 15 in Fighting
 31569 | Vaults:2 | Reached XP level 20. HP: 178/178 MP: 30/30
 32228 | Vaults:3 | Found a staircase to the Crypt.
 32228 | Vaults:3 | Found an ancient bone altar of Kikubaaqudgha.
 32232 | Vaults:3 | Found a basalt altar of Yredelemnul.
 33542 | Abyss:3  | Found a corrupted altar of Lugonu.
 33542 | Abyss:3  | Cast into level 3 of the Abyss (a deep elf demonologist)
 33635 | Abyss:3  | Gained mutation: Your health recovers twice as slowly from
                  | being drained. [a cacodemon]
 33640 | Abyss:3  | Gained mutation: You are weak. (Str -2) [a cacodemon]
 33640 | Abyss:3  | Gained mutation: You sometimes lose your temper in combat.
                  | [a cacodemon]
 33646 | Abyss:3  | Lost mutation: You sometimes lose your temper in combat.
                  | [potion of mutation]
 33646 | Abyss:3  | Lost mutation: You are weak. (Str -2) [potion of mutation]
 33646 | Abyss:3  | Gained mutation: Your magical capacity is low. (-10% MP)
                  | [potion of mutation]
 33646 | Abyss:3  | Gained mutation: Your mind is acute. (Int +4, Str/Dex -1)
                  | [potion of mutation]
 33747 | Vaults:4 | Escaped the Abyss
 33751 | Vaults:4 | Reached XP level 21. HP: 117/183 MP: 21/29
 34818 | Elf:1    | Entered Level 1 of the Elven Halls
 35169 | Elf:1    | Reached skill level 27 in Axes
 35363 | Elf:1    | Found Erypeuqe's Book Shoppe.
 35672 | Elf:2    | Identified the ring "Muozatua" {Fly Int+2}
 36050 | Elf:2    | Found a huge runed translucent gate.
 36050 | Elf:2    | Found a huge runed translucent gate.
 36050 | Elf:2    | Found a huge runed translucent gate.
 36050 | Elf:2    | Found a huge runed translucent gate.
 36051 | Elf:2    | Found a huge runed translucent gate.
 36136 | Elf:2    | Noticed Azrael
 36142 | Elf:2    | Killed Azrael
 36829 | Elf:3    | Entered Level 3 of the Elven Halls
 37237 | Elf:3    | Reached XP level 22. HP: 202/202 MP: 30/30
 37352 | Elf:3    | Identified the +2 tower shield of Understanding {rPois rN+
                  | Will- rCorr Int+4}
 37663 | Elf:3    | Identified the ring "Vofovag" {Wiz Dex+4}
 37709 | Elf:3    | Identified the +1 chain mail of the Vestibule of Hell {rF+
                  | rC+}
 37712 | Elf:3    | Identified the staff "Ceqenoick" {rC+ SInv Stlth- Conj Tloc
                  | Ice}
 37719 | Elf:3    | Identified the +1 quarterstaff "Epeytt" {flame, Fly rElec
                  | MP+9}
 37723 | Elf:3    | Got Myocu's Directory of Scintillating Anathema
 37780 | Elf:3    | Got the Handbook of the Thirteen Emperors
 38117 | Depths:1 | Entered Level 1 of the Depths
 38159 | Depths:1 | Found an iron altar of Okawaru.
 38229 | Depths:1 | Reached skill level 10 in Shields
 38786 | Depths:1 | Found a gateway to Hell.
 38861 | Depths:1 | Found Ytus's Jewellery Shop.
 38869 | Depths:1 | Bought the ring of Loxzopt {rElec rCorr Slay+4} for 834
                  | gold pieces
 39378 | Depths:2 | Identified the +1 mace "Dragonbane" {freeze, rElec Str+3}
 39448 | Depths:2 | Found a one-way gate leading to the halls of Pandemonium.
 39630 | Depths:2 | Found a sparkling altar of Nemelex Xobeh.
 40039 | Depths:3 | Identified the +5 halberd of Vecauroi {venom, rPois rF- rN+
                  | Stlth+}
 40131 | Depths:3 | Reached XP level 23. HP: 209/209 MP: 31/31
 40166 | Depths:3 | Identified the amulet "Qutupib" {Spirit Dex+3}
 40360 | Depths:3 | Identified the +1 hand axe of Zin, Fortifying {holy, rElec}
 40454 | Depths:3 | Found the +2 pair of slick slippers {slick, slippery, EV+4}
 40459 | Depths:3 | Identified the +0 long sword "Yxuph" {spect, rF+ rC+ rCorr
                  | Dex-3}
 40591 | Depths:3 | Identified the +1 robe of Luehiof {rC- Str+8 Int+4 Dex-5}
 40600 | Depths:3 | Found a one-way gate to the infinite horrors of the Abyss.
 41175 | Vaults:5 | Entered Level 5 of the Vaults
 41222 | Vaults:5 | Identified the +1 long sword of War {drain, rC+ Stlth+}
 41295 | Vaults:5 | Noticed an ancient lich
 41298 | Vaults:5 | Identified the +1 chain mail of the Skies Above {^Drain
                  | Int+3 Dex+3 Stlth+}
 41391 | Vaults:5 | HP: 9/274 [golden dragon (6)]
 41600 | Vaults:5 | Reached XP level 24. HP: 214/214 MP: 32/32
 41620 | Vaults:5 | Got a silver rune of Zot
 41632 | Vaults:5 | Reached XP level 25. HP: 214/214 MP: 32/32
 41752 | Vaults:5 | Reached skill level 15 in Shields
 41819 | Vaults:5 | Killed an ancient lich
 41982 | Vaults:5 | Got Kaits's Papyrus of Fetching Arcane Weapons
 42032 | Vaults:5 | Identified the staff "Jeonk" {*Slow Str+6 Dex+3 Conj Earth}
 42266 | Vaults:5 | Identified the +9 orcbow of the Irksome God {drain, rF+}
 42670 | Slime:1  | Entered Level 1 of the Pits of Slime
 43362 | Slime:3  | Gained mutation: You are weak. (Str -2) [a shining eye]
 43363 | Slime:3  | Lost mutation: Your mind is acute. (Int +4, Str/Dex -1) [a
                  | shining eye]
 43365 | Slime:3  | Gained mutation: You are dopey. (Int -2) [a shining eye]
 43370 | Slime:3  | Gained mutation: Your spells are a little easier to cast,
                  | but a little less powerful. [a shining eye]
 43840 | Slime:4  | Gained mutation: You are frail. (-10% HP) [a shining eye]
 43842 | Slime:4  | Gained mutation: You occasionally shout uncontrollably at
                  | your foes. [a shining eye]
 43846 | Slime:4  | Gained mutation: You are very weak. (Str -4) [a shining
                  | eye]
 43866 | Slime:3  | Lost mutation: Your health recovers twice as slowly from
                  | being drained. [potion of mutation]
 43866 | Slime:3  | Lost mutation: Your spells are a little easier to cast, but
                  | a little less powerful. [potion of mutation]
 43866 | Slime:3  | Lost mutation: You are dopey. (Int -2) [potion of mutation]
 43866 | Slime:3  | Gained mutation: Your spells are a little harder to cast,
                  | but a little more powerful. [potion of mutation]
 43866 | Slime:3  | Gained mutation: You are strong-willed. (Will+) [potion of
                  | mutation]
 43867 | Slime:3  | Lost mutation: You occasionally shout uncontrollably at
                  | your foes. [potion of mutation]
 43867 | Slime:3  | Lost mutation: You are very weak. (Str -4) [potion of
                  | mutation]
 43867 | Slime:3  | Gained mutation: You have a somewhat thin skeletal
                  | structure. (Dex +2, Stealth+) [potion of mutation]
 43867 | Slime:3  | Lost mutation: You are weak. (Str -2) [potion of mutation]
 44445 | Slime:5  | Entered Level 5 of the Pits of Slime
 44591 | Slime:5  | Noticed the Royal Jelly
 44611 | Slime:5  | Killed the Royal Jelly
 44745 | Slime:5  | Found the +7 hand cannon "Mule" {flame, backblast, rF+}
 44751 | Slime:5  | Got the Excursus on Geometry and the Winter
 44752 | Slime:5  | Identified the +0 crystal plate armour of the Hanged Man
                  | {rN++ Stlth+}
 44777 | Slime:5  | Identified the +8 mace of Kindness {elec, Str+3 SInv
                  | Stlth+}
 44786 | Slime:5  | Identified the +1 buckler of Slovenliness {Regen+ Str-2
                  | Int+4 Stlth+}
 44841 | Slime:5  | Identified the ring of the Queen {rPois rN+ rCorr Stlth-}
 44855 | Slime:5  | Identified the +5 short sword of the Realm of Zot
                  | {antimagic, Dex+3 Stlth+}
 44893 | Slime:5  | Got a slimy rune of Zot
 44899 | Slime:5  | Identified the +6 eveningstar "Kutupn" {drain, Fly rElec
                  | Dex-3 Stlth+}
 45997 | Depths:4 | Entered Level 4 of the Depths
 46000 | Depths:4 | Noticed Sojobo
 46010 | Depths:3 | Killed Sojobo
 46129 | Depths:4 | Found a one-way gateway to a ziggurat.
 46394 | Depths:4 | Reached XP level 26. HP: 220/220 MP: 32/32
 47094 | Depths:4 | Identified the +7 long sword of Bodily Humours {drain,
                  | ^Drain Fly rPois Int+3}
 47242 | Depths:4 | Found a gate to the Realm of Zot.
 47871 | Swamp:2  | Killed Tauxin's ghost
 48195 | Depths:1 | Bought a talisman of death for 1200 gold pieces
 48446 | Pan      | Entered Pandemonium
 48609 | Pan      | Noticed Jealeys the pandemonium lord
 48623 | Pan      | Killed Jealeys the pandemonium lord
 48679 | Pan      | Identified the maw talisman of the Boiling Point {rC+ Str+2
                  | Int+3}
 48685 | Pan      | Got a demonic rune of Zot
 49393 | Pan      | Noticed Mennas
 49405 | Pan      | Killed Mennas
 49583 | Pan      | Noticed Uroewke the pandemonium lord
 49592 | Pan      | Killed Uroewke the pandemonium lord
 49712 | Pan      | Found an exit through the horrors of the Abyss.
 50161 | Pan      | Noticed Gueplogi the pandemonium lord
 50200 | Pan      | Killed Gueplogi the pandemonium lord
 50586 | Pan      | Reached XP level 27. HP: 169/234 MP: 26/33
 51144 | Pan      | Acquired 934 gold pieces
 51169 | Pan      | Entered the realm of Mnoleg.
 51169 | Pan      | Noticed Mnoleg
 51182 | Pan      | Killed Mnoleg
 51225 | Pan      | Got a glowing rune of Zot
 51391 | Pan      | Gained mutation: You occasionally lose the ability to drink
                  | potions when taking damage. [a cacodemon]
 51392 | Pan      | Gained mutation: You are weak. (Str -2) [a cacodemon]
 51396 | Pan      | Lost mutation: You are strong-willed. (Will+) [potion of
                  | mutation]
 51396 | Pan      | Lost mutation: Your magical capacity is low. (-10% MP)
                  | [potion of mutation]
 51396 | Pan      | Gained mutation: Your body sometimes deteriorates upon
                  | taking damage. [potion of mutation]
 51396 | Pan      | Gained mutation: You possess an exceptional clarity of
                  | mind. [potion of mutation]
 51397 | Pan      | Lost mutation: Your spells are a little harder to cast, but
                  | a little more powerful. [potion of mutation]
 51397 | Pan      | Lost mutation: Your body sometimes deteriorates upon taking
                  | damage. [potion of mutation]
 51397 | Pan      | Gained mutation: You sometimes lose the ability to drink
                  | potions when taking damage. [potion of mutation]
 51398 | Pan      | Lost mutation: You have a somewhat thin skeletal structure.
                  | (Dex +2, Stealth+) [potion of mutation]
 51398 | Pan      | Lost mutation: You sometimes lose the ability to drink
                  | potions when taking damage. [potion of mutation]
 51399 | Pan      | Lost mutation: You are weak. (Str -2) [potion of mutation]
 51399 | Pan      | Lost mutation: You are frail. (-10% HP) [potion of
                  | mutation]
 51399 | Pan      | Gained mutation: You are covered in fur. (AC +1) [potion of
                  | mutation]
 51399 | Pan      | Gained mutation: You are resistant to electric shocks.
                  | (rElec) [potion of mutation]
 51449 | Pan      | Gained mutation: You are frail. (-10% HP) [a cacodemon]
 51469 | Pan      | Lost mutation: You possess an exceptional clarity of mind.
                  | [a cacodemon]
 51549 | Pan      | Gained mutation: Your health recovers twice as slowly from
                  | being drained. [a cacodemon]
 51553 | Pan      | Gained mutation: Armour fits poorly on your strangely
                  | shaped body. [a cacodemon]
 51555 | Pan      | Lost mutation: You are frail. (-10% HP) [a cacodemon]
 51567 | Pan      | Gained mutation: You do not regenerate when monsters are
                  | visible. [a cacodemon]
 51570 | Pan      | Lost mutation: You occasionally lose the ability to drink
                  | potions when taking damage. [potion of mutation]
 51570 | Pan      | Lost mutation: You are covered in fur. (AC +1) [potion of
                  | mutation]
 51570 | Pan      | Lost mutation: You do not regenerate when monsters are
                  | visible. [potion of mutation]
 51570 | Pan      | Lost mutation: You are resistant to electric shocks.
                  | (rElec) [potion of mutation]
 51570 | Pan      | Gained mutation: You occasionally shout uncontrollably at
                  | your foes. [potion of mutation]
 51571 | Pan      | Lost mutation: You occasionally shout uncontrollably at
                  | your foes. [potion of mutation]
 51571 | Pan      | Lost mutation: Armour fits poorly on your strangely shaped
                  | body. [potion of mutation]
 51571 | Pan      | Lost mutation: Your health recovers twice as slowly from
                  | being drained. [potion of mutation]
 51571 | Pan      | Gained mutation: Your natural rate of healing is unusually
                  | fast. [potion of mutation]
 51572 | Pan      | Gained mutation: Armour fits poorly on your strangely
                  | shaped body. [a cacodemon]
 51575 | Pan      | Gained mutation: Your body sometimes deteriorates upon
                  | taking damage. [a cacodemon]
 51849 | Pan      | Found an exit through the horrors of the Abyss.
 51940 | Pan      | Noticed Reugh the pandemonium lord
 51945 | Pan      | Killed Reugh the pandemonium lord
 51975 | Pan      | Got the Enchiridion on the Blazing Tundra
 52806 | Pan      | Noticed Petzej the pandemonium lord
 52818 | Pan      | Killed Petzej the pandemonium lord
 53246 | Pan      | Identified the +0 leather armour of Proximity {rF+}
 53370 | Pan      | Gained mutation: Your body often deteriorates upon taking
                  | damage. [a cacodemon]
 53375 | Pan      | Lost mutation: Your body often deteriorates upon taking
                  | damage. [potion of mutation]
 53375 | Pan      | Lost mutation: Your natural rate of healing is unusually
                  | fast. [potion of mutation]
 53375 | Pan      | Gained mutation: You are somewhat resistant to further
                  | mutation. [potion of mutation]
 53616 | Pan      | Noticed Edeiloh the pandemonium lord
 53628 | Pan      | Killed Edeiloh the pandemonium lord
 53856 | Pan      | Lost mutation: You are somewhat resistant to further
                  | mutation. [a neqoxec]
 53963 | Pan      | Entered the realm of Gloorx Vloq.
 54086 | Pan      | Noticed Gloorx Vloq
 54105 | Pan      | Killed Gloorx Vloq
 54165 | Pan      | Got a dark rune of Zot
 54624 | Pan      | Identified the +6 plate armour of Lucidity {+Inv rF+ Str-5}
 54749 | Pan      | Reached skill level 27 in Fighting
 55422 | Pan      | Found an exit through the horrors of the Abyss.
 55426 | Pan      | Reached skill level 5 in Dodging
 55434 | Pan      | Noticed Loferuo the pandemonium lord
 55444 | Pan      | Killed Loferuo the pandemonium lord
 55849 | Pan      | Gained mutation: Your magical capacity is low. (-10% MP) [a
                  | neqoxec]
 55902 | Pan      | Noticed Optei the pandemonium lord
 55908 | Pan      | Killed Optei the pandemonium lord
 56710 | Pan      | Identified the +8 flail of the Apocalypse {freeze, rF+ rC+
                  | rCorr}
 56943 | Pan      | Found an exit through the horrors of the Abyss.
 57126 | Pan      | Entered the realm of Lom Lobon.
 57196 | Pan      | Found an exit through the horrors of the Abyss.
 57342 | Pan      | Lost mutation: Your magical capacity is low. (-10% MP)
                  | [potion of mutation]
 57342 | Pan      | Lost mutation: Your body sometimes deteriorates upon taking
                  | damage. [potion of mutation]
 57342 | Pan      | Lost mutation: Armour fits poorly on your strangely shaped
                  | body. [potion of mutation]
 57342 | Pan      | Gained mutation: Your spells are a little harder to cast,
                  | but a little more powerful. [potion of mutation]
 57342 | Pan      | Gained mutation: You occasionally shout uncontrollably at
                  | your foes. [potion of mutation]
 57442 | Pan      | Noticed Lom Lobon
 57674 | Pan      | Killed Lom Lobon
 57881 | Pan      | Got a magical rune of Zot
 58555 | Pan      | Entered the realm of Cerebov.
 59593 | Pan      | Got the Opusculum on the Torch
 59627 | Pan      | Identified the staff "Gophyt" {rElec Str+3 Stlth+ Fire Air}
 59694 | Pan      | Found the +6 sword of Cerebov {flame}
 59694 | Pan      | Noticed Cerebov
 59698 | Pan      | Reached skill level 10 in Dodging
 59710 | Pan      | Killed Cerebov
 59932 | Pan      | Got a fiery rune of Zot
 59958 | Pan      | Identified the ring "Owaohisa" {rF+ AC+4 Dex+3}
 60301 | Pan      | Identified the +0 robe of Naeqil {^Contam rElec rC+ rCorr}
 60412 | Pan      | Reached skill level 27 in Invocations
 60566 | Pan      | Found a transporter.
 60568 | Pan      | Found a transporter.
 60608 | Pan      | Found an exit through the horrors of the Abyss.
 60647 | Pan      | Took an exit into the Abyss.
 60647 | Abyss:3  | Escaped into the Abyss
 60783 | Abyss:3  | Gained mutation: You are frail. (-10% HP) [a neqoxec]
 60785 | Abyss:3  | Paralysed by accursed screaming for 1 turns
 60832 | Abyss:3  | Got an abyssal rune of Zot
 60846 | Depths:2 | Escaped the Abyss
 60891 | Depths:2 | Upgraded the game from 0.32-a0-931-g5a2cda0630 to
                  | 0.32-a0-932-g546787307d
 60987 | Hell     | Entered the Vestibule of Hell
 60987 | Hell     | Noticed Geryon
 61008 | Hell     | Killed Geryon
 61202 | Hell     | Found a gateway to the freezing wastes of Cocytus.
 61313 | Hell     | Found a gateway to the ashen valley of Gehenna.
 61501 | Hell     | Found a gateway to the Iron City of Dis.
 61572 | Hell     | Found a gateway to the decaying netherworld of Tartarus.
 61768 | Zot:1    | Entered Level 1 of the Realm of Zot
 62215 | Zot:1    | Reached skill level 15 in Dodging
 62445 | Zot:1    | Found an ancient bone altar of Kikubaaqudgha.
 62802 | Zot:2    | Noticed Grunn
 62826 | Zot:2    | Killed Grunn
 63178 | Zot:2    | Noticed an orb of fire
 63180 | Zot:2    | Gained mutation: Your body sometimes deteriorates upon
                  | taking damage. [an orb of fire]
 63189 | Zot:2    | Gained mutation: You frequently scream uncontrollably at
                  | your foes. [an orb of fire]
 63192 | Zot:2    | Killed an orb of fire
 63311 | Zot:2    | Identified the death talisman of Absence {rCorr}
 63633 | Geh:1    | Entered Level 1 of Gehenna
 63871 | Geh:2    | Noticed a juggernaut
 63877 | Geh:2    | Killed a juggernaut
 63880 | Geh:2    | Noticed a juggernaut
 63881 | Geh:2    | Noticed a juggernaut
 63882 | Geh:2    | Noticed a juggernaut
 63889 | Geh:2    | Killed a juggernaut
 63890 | Geh:2    | Killed a juggernaut
 63896 | Geh:2    | Killed a juggernaut
 63897 | Geh:2    | Noticed a juggernaut
 63906 | Geh:2    | Killed a juggernaut
 63917 | Geh:2    | Noticed a juggernaut
 63918 | Geh:2    | Noticed a juggernaut
 63918 | Geh:2    | Noticed a juggernaut
 63921 | Geh:2    | Noticed a juggernaut
 63923 | Geh:2    | Killed a juggernaut
 63924 | Geh:2    | Noticed a juggernaut
 63929 | Geh:2    | Killed a juggernaut
 63930 | Geh:2    | Killed a juggernaut
 63932 | Geh:2    | Killed a juggernaut
 63935 | Geh:2    | Killed a juggernaut
 64030 | Geh:2    | Noticed a juggernaut
 64038 | Geh:2    | Killed a juggernaut
 64043 | Geh:2    | Noticed a juggernaut
 64050 | Geh:2    | Killed a juggernaut
 64051 | Geh:2    | Reached skill level 10 in Evocations
 64419 | Geh:4    | Reached skill level 1 in Armour
 64941 | Geh:5    | Reached skill level 5 in Armour
 65641 | Geh:7    | Entered Level 7 of Gehenna
 66516 | Geh:7    | Identified the +1 long sword of Cuxoh {flame, Int+5}
 66586 | Geh:7    | Found the +13 sceptre of Asmodeus
 66586 | Geh:7    | Noticed Asmodeus
 66602 | Geh:7    | Killed Asmodeus
 66774 | Geh:7    | Identified the ring "Xerinef" {Fire *Slow rPois rCorr
                  | Str+4}
 66796 | Geh:7    | Got Roxanne's Vellum of the Underground Scorpion
 66801 | Geh:7    | Identified the +5 plate armour of Kuecaennep {Fly}
 66817 | Geh:7    | Got the Incunabulum of the Tectonic Geodesic
 66820 | Geh:7    | Got the Vademecum on Soot
 66821 | Geh:7    | Identified the +8 rapier "Divvon" {flame, rElec Int+3}
 66836 | Geh:7    | Identified the +5 mace "Ultimatum" {drain, rElec Str+3
                  | Dex+6}
 66843 | Geh:7    | Got an obsidian rune of Zot
 67765 | Dis:1    | Entered Level 1 of the Iron City of Dis
 68348 | Dis:3    | Reached skill level 10 in Armour
 69906 | Dis:7    | Entered Level 7 of the Iron City of Dis
 70638 | Dis:7    | Identified the +7 quarterstaff "Ybarafasir" {antimagic,
                  | SInv}
 70818 | Dis:7    | Noticed a juggernaut
 70824 | Dis:7    | Killed a juggernaut
 70852 | Dis:7    | Noticed a juggernaut
 70861 | Dis:7    | Killed a juggernaut
 70996 | Dis:7    | Noticed a juggernaut
 71004 | Dis:7    | Killed a juggernaut
 71039 | Dis:7    | Noticed Dispater
 71062 | Dis:7    | Killed Dispater
 71118 | Dis:7    | Got an iron rune of Zot
 71120 | Dis:7    | Identified the ring of the Six Mashing Suns {Fly rPois
                  | Str+4 Stlth-}
 71468 | Dis:7    | Reached skill level 15 in Evocations
 72192 | Depths:1 | Bought a +4 ring of protection for 540 gold pieces
 72266 | Coc:1    | Entered Level 1 of Cocytus
 72532 | Coc:2    | Reached skill level 15 in Armour
 73409 | Coc:5    | Paralysed by a wendigo for 1 turns
 73413 | Coc:5    | Reached skill level 27 in Shields
 73457 | Coc:5    | Paralysed by a wendigo for 1 turns
 74069 | Coc:7    | Entered Level 7 of Cocytus
 74075 | Coc:7    | Noticed the Serpent of Hell
 74093 | Coc:7    | Killed the Serpent of Hell
 74330 | Coc:7    | Paralysed by a wendigo for 1 turns
 74394 | Coc:7    | Paralysed by a wendigo for 1 turns
 74788 | Coc:7    | Identified the +3 rapier "Xyidomou" {flame, rPois SInv}
 74920 | Coc:7    | Noticed Antaeus
 74953 | Coc:7    | Killed Antaeus
 74985 | Coc:7    | Got an icy rune of Zot
 76174 | Tar:1    | Entered Level 1 of Tartarus
 77343 | Tar:7    | Entered Level 7 of Tartarus
 78347 | Tar:7    | Identified the +1 robe "Qoxt" {Rampage Str+3 Dex-2}
 78546 | Tar:7    | Noticed Ereshkigal
 78569 | Tar:7    | Killed Ereshkigal
 78629 | Tar:7    | Got a bone rune of Zot
 79140 | Zot:3    | Noticed an orb of fire
 79160 | Zot:3    | Killed an orb of fire
 79474 | Zot:3    | Found a transporter.
 79626 | Zot:3    | Identified the orb of the Blind Marksman {light, +Blink
                  | rElec rF- rC-}
 79913 | Zot:3    | Found a transporter.
 81294 | Zot:4    | Reached skill level 27 in Armour
 81400 | Zot:4    | Found a stormy altar of Qazlal.
 81842 | Zot:4    | Identified the +6 great mace of Dullness {freeze, Dex+4
                  | Stlth+}
 82146 | Zot:5    | Entered Level 5 of the Realm of Zot
 82449 | Zot:5    | Noticed an orb of fire
 82456 | Zot:5    | Noticed a dread lich
 82471 | Zot:5    | Killed an orb of fire
 82714 | Zot:5    | Noticed an ancient lich
 82722 | Zot:5    | Killed a dread lich
 82727 | Zot:5    | Killed an ancient lich
 83044 | Zot:5    | Noticed an orb of fire
 83070 | Zot:5    | Killed an orb of fire
 83251 | Zot:5    | Identified the +7 scimitar of Articulation {freeze, Int+5}
 83972 | Crypt:1  | Entered Level 1 of the Crypt
 83983 | Crypt:1  | Reached skill level 27 in Dodging
 84156 | Crypt:1  | Identified the amulet "Teufekomp" {^Drain rPois Regen+
                  | Str+4}
 84223 | Crypt:1  | Identified the +2 robe "Taeh" {+Blink rCorr Int+3}
 84223 | Crypt:1  | Noticed Boris
 84227 | Crypt:1  | Noticed Khufu
 84233 | Crypt:1  | Killed Boris
 84235 | Crypt:1  | Noticed a royal mummy
 84244 | Crypt:1  | Killed Khufu
 84255 | Crypt:1  | Noticed a royal mummy
 84257 | Crypt:1  | Killed a royal mummy
 84264 | Crypt:1  | Killed a royal mummy
 84729 | Crypt:2  | Noticed Margery
 84765 | Crypt:2  | Killed Margery
 84993 | Crypt:2  | Noticed Zenata
 85006 | Crypt:2  | Killed Zenata
 85513 | Crypt:3  | Entered Level 3 of the Crypt
 85846 | Crypt:3  | Noticed a dread lich
 85852 | Crypt:3  | Killed a dread lich
 85853 | Crypt:3  | Found an ancient bone altar of Kikubaaqudgha.
 85901 | Crypt:3  | Identified the ring of the Salmon {Fly rF++ rN++ Dex+3}
 85901 | Crypt:3  | Identified the ring "Vohodgh" {Fire rN++}
 85901 | Crypt:3  | Identified the ring of Macutupt {rF+ rN++ Str+2 Int+4}
 85916 | Crypt:3  | Got the Almanac of the Graveyard
 86217 | Crypt:3  | Noticed Bai Suzhen
 86228 | Crypt:3  | Killed Bai Suzhen
 86296 | Crypt:3  | Found a staircase to the Tomb.
 86495 | Crypt:3  | Identified the +1 rapier "Dyhatah" {vamp, ^Drain rElec
                  | Int+6}
 86673 | Tomb:1   | Entered Level 1 of the Tomb of the Ancients
 86842 | Tomb:1   | Noticed a royal mummy
 86847 | Tomb:1   | Killed a royal mummy
 87353 | Tomb:2   | Noticed a royal mummy
 87353 | Tomb:2   | Noticed a royal mummy
 87353 | Tomb:2   | Noticed a royal mummy
 87353 | Tomb:2   | Noticed a royal mummy
 87363 | Tomb:2   | Killed a royal mummy
 87370 | Tomb:2   | Killed a royal mummy
 87375 | Tomb:2   | Killed a royal mummy
 87381 | Tomb:2   | Killed a royal mummy
 88022 | Tomb:3   | Entered Level 3 of the Tomb of the Ancients
 88034 | Tomb:3   | Noticed a royal mummy
 88035 | Tomb:3   | Identified the +2 robe of the Tarantula {Str+5}
 88035 | Tomb:3   | Noticed Boris
 88036 | Tomb:3   | Noticed a royal mummy
 88038 | Tomb:3   | Killed a royal mummy
 88039 | Tomb:3   | Killed Boris
 88040 | Tomb:3   | Killed a royal mummy
 88050 | Tomb:3   | Noticed a royal mummy
 88050 | Tomb:3   | Noticed a royal mummy
 88063 | Tomb:3   | Found the +7 mace of Variability {chaos, chaos arc}
 88071 | Tomb:3   | Found the +7 sceptre of Torment {pain, torment}
 88088 | Tomb:3   | Killed a royal mummy
 88090 | Tomb:3   | Killed a royal mummy
 88094 | Tomb:3   | Noticed a royal mummy
 88103 | Tomb:3   | Killed a royal mummy
 88107 | Tomb:3   | Noticed a royal mummy
 88112 | Tomb:3   | Noticed a royal mummy
 88115 | Tomb:3   | Noticed a royal mummy
 88229 | Tomb:3   | Killed a royal mummy
 88235 | Tomb:3   | Killed a royal mummy
 88235 | Tomb:3   | Killed a royal mummy
 88282 | Tomb:3   | Got the Encyclopedia of the Generated Serac
 88284 | Tomb:3   | Identified the staff "Yxkoravo" {rPois rN+ Str+2 Necro}
 88287 | Tomb:3   | Identified the ring of the Circus Animal {Wiz rC+ Int+3}
 88289 | Tomb:3   | Identified the +0 hand axe of Checkmate {flame, Fly rF+
                  | Dex+2 SInv}
 88294 | Tomb:3   | Identified the staff "Avoul" {^Contam rPois Will+ SInv
                  | Stlth+ Alchemy}
 88317 | Tomb:3   | Identified the amulet of the Echidna {Acrobat rElec rCorr}
 88629 | Tomb:3   | Got a golden rune of Zot
 89332 | Zot:5    | Got the Orb of Zot
 89461 | Zot:1    | Noticed Xudier the pandemonium lord
 89469 | Zot:1    | Killed Xudier the pandemonium lord
 89693 | D:13     | Noticed Haheysut the pandemonium lord
 89809 | D:8      | Noticed Pefanad the pandemonium lord
 89820 | D:8      | Killed Pefanad the pandemonium lord
 90118 | D:$      | Escaped with the Orb!

Illustrated notes

Levels and vault maps discovered:
D:1:      amcnicky_arrival_abandoned_market, layout_basic, columned_hall_lemuel
D:2:      layout_basic, minmay_randomly_rotated_circles, uniq_robin
D:3:      layout_loops_ring, lemuel_doored_altar, mainiacjoe_overflow_alcove_1,
          hellmonk_ecumenical_altar_pennies_from_heaven,
          grunt_decor_mini_mirrors, cheibrodos_gnoll_hut
D:4:      layout_loops_ring, portal_sewer_entry_e,
          nicolae_houndstooth_variations
D:5:      layout_rooms, serial_co_window_serial, co_window_corner_a,
          co_window_corner_a, co_window_paths_b, co_window_paths_b,
          co_window_paths_b, co_window_of_opportunity_a, co_window_broadway_b,
          co_window_of_opportunity_c, co_window_broadway_b, co_window_cross_2,
          co_window_2corner, co_window_corner_b, co_window_paths_d,
          glass_columns_b, glass_columns_a, glass_columns_c
D:6:      layout_loops_corners, minmay_temple_entry_junction, serial_rivers,
          chequers_serial_rivers_small_b, chequers_serial_rivers_micro_d,
          chequers_serial_rivers_room_a, chequers_serial_rivers_small_b,
          chequers_serial_rivers_micro_e
D:7:      layout_basic, mainiacjoe_overflow_24_doors,
          nicolae_dithmenos_through_a_glass_darkly
D:8:      layout_layer_cave, ebering_ghost_gozag, item_on_display_a, uniq_erica
D:9:      layout_loops_cross, tso_altar, erik_lair_island
D:10:     layout_basic, mainiacjoe_overflow_cross_hatched, minivault_23,
          minmay_evil_grid, uniq_nergalle
D:11:     layout_loops_cross, hangedman_incinerator, uniq_snorg
D:12:     layout_loops_ring, david_orc_2
D:13:     layout_small_grid, uniq_kirke
D:14:     layout_cave_pods, david_vaults_3, nicolae_two_hexagons, uniq_lodul,
          uniq_frances
D:15:     gammafunk_depths_entry_grave, layout_irregular_city,
          biasface_ghost_orc_armoury, eino_curves_03,
          cheibrodos_ashenzari_chains, uniq_louise
Temple:   nicolae_temple_x_marks_the_god
Lair:1:   layout_cellular_growth, hibernation_bobbens
Lair:2:   layout_gridlike, skrybe_swamp_entry_bodies, grunt_megastairs_1,
          uniq_harold
Lair:3:   layout_concentric_octagons, alex1729_snake_entry_snake
Lair:4:   layout_hall_layers, dpeg_slime_entry_enclosed
Lair:5:   hangedman_lair_in_review, layout_loops_ring,
          hangedman_lair_caniforms_friends, nicolae_quartered_pool_medium,
          st_stairs_3, grunt_megastairs_3, uniq_josephine
Swamp:1:  nicolae_swamp_standing_stones, layout_basic_swamp,
          gammafunk_ghost_hydra_chop, hangedman_swamp_ruin_hall,
          infiniplex_staircase_pool_2
Swamp:2:  layout_falls_marsh, gammafunk_ghost_arena, hangedman_swamp_ruin_wall,
          infiniplex_staircase_pool
Swamp:3:  layout_basic_swamp, hangedman_swamp_lotus, swamp_pool_1_2
Swamp:4:  swamp_icy, layout_basic_swamp, portal_ice_cave_entry_dragon, uniq_mara
Snake:1:  layout_grid_maze, uniq_mlioglotl
Snake:2:  layout_honeycomb, minmay_shop_star
Snake:3:  kennysheep_snake, layout_onion_interference, basic_altar, st_stairs_6,
          uniq_aizul, uniq_roxanne
Snake:4:  johnstein_snake_rune_scales, layout_onion_interference, serial_shops,
          shop, nicolae_snake_snake_lake
Slime:1:  layout_caves
Slime:2:  layout_caves
Slime:3:  layout_caves, nicolae_slime_welcoming_committee
Slime:4:  layout_caves
Slime:5:  slime_pit_nicolae_block_by_block
Orc:1:    layout_caves
Orc:2:    st_orc_open, layout_diamond_mine, serial_shops, shop,
          nicolae_shop_scrapyard, regret_index_xom_of_box
Elf:1:    minmay_elf_arrival_plus, layout_geoelf_grid, serial_shops,
          nicolae_square_shop, guppyfry_library_mini
Elf:2:    elven_hall_of_blades_hangedman_alternative
          [infiniplex_blade_entry_pillars], layout_gridlike,
          corexii_hall_statues_x, minivault_19, uniq_azrael
Elf:3:    minmay_elf_hall_circle, layout_geoelf_castle, eino_tiny_chamber
Vaults:1: gammafunk_ghost_fury_of_okawaru, nicolae_vaults_circle_grid_a,
          ontoclasm_vaults_chip, vaults_dpeg_ring,
          nicolae_vaults_variable_pillar_hall_cross,
          nicolae_vaults_closet_pinwheel_1, hangedman_vaults_nails,
          nicolae_vaults_little_ls, nicolae_vaults_lightning_bolt,
          nicolae_vaults_corpse_flower, nicolae_vaults_tetromino_L_1,
          nicolae_vaults_yaktaur_gun_rack, vaults_dpeg_encased_lava,
          ontoclasm_vaults_decontamination, layout_vaults_omnicross,
          serial_shops, bzr_entry_islet
Vaults:2: vaults_mumra_minichess_inversion, nicolae_vaults_six-pack,
          nicolae_vaults_storage_room_water, v_alt_pattern_2,
          nicolae_vaults_twisting_passages, v_misc_24, ontoclasm_vaults_chip,
          ontoclasm_vaults_twist, nicolae_vaults_circle_grid_b,
          nicolae_vaults_sightless_eye, v_misc_8, nicolae_vaults_double_plus_1,
          nicolae_vaults_ring_of_whatevers, layout_vaults_ring, uniq_boris
Vaults:3: nicolae_vaults_ring_of_whatevers, nicolae_vaults_network_star,
          nicolae_vaults_what_the_h, v_rooms_3, ontoclasm_vaults_ring_square,
          vaults_room_stairs_pillars, nicolae_vaults_door_testing_chamber,
          nicolae_vaults_storage_room_statues, minmay_crypt_entry_necro_gods,
          layout_vaults_quadrants
Vaults:4: v_pattern_5, dpeg_vaults_monster_box, nicolae_vaults_tetromino_T_2,
          v_misc_3, v_misc_13, ontoclasm_vaults_spin, nicolae_vaults_octothorpe,
          v_misc_1, nicolae_vaults_murder_corner,
          nicolae_vaults_hexular_roomagon, hangedman_vaults_locks,
          nicolae_vaults_trapezoid_1, vaults_room_hallway,
          layout_vaults_big_room
Vaults:5
Crypt:1:  layout_misc_corridors, corner_web_ring, uniq_khufu
Crypt:2:  layout_misc_corridors, uniq_margery, uniq_zenata
Crypt:3:  cryptofortress_bobbens, uniq_bai_suzhen
Tomb:1
Tomb:2
Tomb:3
Depths:1: layout_honeycomb, serial_shops, nicolae_shop_hallway_stairs,
          lightli_too_deep, nicolae_wwwww, minmay_tree_intersection,
          grunt_decor_arrowhead, hellmonk_okawaru_the_only_friend_you_need
Depths:2: kennysheep_cluttered_fort, layout_twisted_cross, hell_entry,
          grunt_pan_entry_spiral, nemelex_spade_bored_becter
Depths:3: grunt_twisty_corner, layout_gridlike, kennysheep_donut,
          nicolae_abyss_entry_one_way_or_another, pf_hell_entry_great_geh,
          nicolae_water_bricks
Depths:4: grunt_zot_entry_bicorn, layout_basic, enter_ziggurat_e, hell_entry,
          minmay_misc_feat_enclosed, serial_bayou_shore_b, uniq_sojobo
Hell
Dis:1:    layout_gridville
Dis:2:    layout_overlapping_boxes
Dis:3:    layout_jigsaw, nicolae_dis_having_a_grate_time
Dis:4:    layout_regular_city, lemuel_dis_dragons
Dis:5:    layout_subdivisions
Dis:6:    layout_jigsaw
Dis:7:    dis_grunt_layers
Geh:1:    layout_gehenna_pools_basic
Geh:2:    nicolae_hells_titanomachy
Geh:3:    layout_gehenna_pools_box
Geh:4:    layout_gehenna_pools_basic
Geh:5:    nicolae_geh_realm_of_the_lava_sea
Geh:6:    layout_gehenna_pools_basic, nicolae_hells_hurtin_island
Geh:7:    geh_mu
Coc:1:    layout_cocytus_water_paths, serial_ice
Coc:2:    layout_cocytus_water_paths
Coc:3:    layout_cocytus_water_paths
Coc:4:    nicolae_coc_caina, layout_cocytus_delve
Coc:5:    layout_ice_bergs
Coc:6:    layout_cocytus_delve, nicolae_coc_melting_block
Coc:7:    coc_hangedman
Tar:1:    layout_cathedral_of_symmetry
Tar:2:    layout_honeycomb
Tar:3:    layout_grid_maze
Tar:4:    layout_grid_maze
Tar:5:    layout_catacombs
Tar:6:    layout_grid_maze
Tar:7:    tar_mu [tar_mu_maze]
Zot:1:    lemuel_halls_of_wrath, layout_misc_corridors,
          regret_index_zotdec_dark_gr
Zot:2:    layout_gridlike, grunt_megastairs_4, uniq_grunn
Zot:3:    gammafunk_its_a_trap, layout_basic, st_stairs_7
Zot:4:    layout_basic, regret_index_zotdec_storm_pass
Zot:5:    layout_basic

Skill      XL: |  1  2  3  4  5  6  7  8  9 10 11 12 13 14 15 16 17 18 19 20 21 22 23 24 25 26 27 |
---------------+----------------------------------------------------------------------------------+-----
Axes           | 4 5 6 8 10 12 13 14 16 17 18 20 21 22 23 25 26 27 | 27.0
Fighting       | 4 6 7 8 9 11 12 13 14 15 16 18 19 21 24 27 | 27.0
Shapeshifting  | 1 3 5 6 8 9 10 11 12 14 15 16 17 18 19 20 21 23 | 23.0
Invocations    | 1 3 4 6 7 8 9 11 12 13 14 15 16 17 19 20 21 22 27 | 27.0
Evocations     | 4 6 26 | 26.0
Shields        | 3 7 12 14 16 18 27 | 27.0
Dodging        | 27 | 27.0
Armour         | 27 | 27.0

Action                     |  1- 3 |  4- 6 |  7- 9 | 10-12 | 13-15 | 16-18 | 19-21 | 22-24 | 25-27 || total
---------------------------+-------+-------+-------+-------+-------+-------+-------+-------+-------++-------
  Melee: Hand axe          |    55 |   172 |   188 |   506 |  1168 |    34 |       |       |       ||  2123
         Headbutt          |    14 |    40 |    69 |   190 |   342 |   253 |   304 |   217 |  2228 ||  3657
         War axe           |       |       |    54 |    82 |     9 |   169 |       |       |       ||   314
         Broad axe         |       |       |       |       |       |   824 |  1141 |   632 |  6005 ||  8602
         Unarmed           |       |       |       |       |       |       |    12 |       |     4 ||    16
  Throw: Dart              |       |       |       |     9 |     1 |       |       |       |       ||    10
 Invoke: Upheaval          |       |       |     2 |     9 |     7 |     5 |    10 |    13 |    89 ||   135
         Elemental Force   |       |       |       |       |     1 |     2 |     1 |       |     6 ||    10
         Disaster Area     |       |       |       |       |       |       |       |     8 |    13 ||    21
Ability: Siphon Essence    |       |       |       |       |       |       |       |       |     8 ||     8
  Evoke: Wand              |       |       |       |     2 |       |       |       |       |     2 ||     4
         Tin of tremorston |       |       |       |       |     4 |     2 |       |     3 |     5 ||    14
         Lightning rod     |       |       |       |       |     4 |     3 |     1 |     1 |     8 ||    17
         Phantom mirror    |       |       |       |       |       |       |       |       |     4 ||     4
         Sack of spiders   |       |       |       |       |       |       |       |       |     2 ||     2
         Phial of floods   |       |       |       |       |       |       |       |       |     1 ||     1
    Use: Potion            |       |     2 |       |       |     2 |       |     2 |     6 |    36 ||    48
         Scroll            |       |     1 |    10 |     5 |     6 |    17 |     3 |     3 |    18 ||    63
   Stab: Petrified         |       |       |       |       |     3 |       |       |       |       ||     3
         Petrifying        |       |       |       |       |     1 |       |       |       |       ||     1
         Paralysed         |       |       |       |       |       |     1 |       |       |     4 ||     5
         Distracted        |       |       |       |       |       |       |       |       |   164 ||   164
 Armour: Robe              |    29 |   107 |    20 |       |       |       |       |       |       ||   156
         Scale mail        |       |       |    57 |       |   449 |       |       |       |       ||   506
         Plate armour      |       |       |    56 |   458 |   132 |       |       |       |   579 ||  1225
         Skin              |       |       |       |       |    63 |   998 |   844 |   895 |  1972 ||  4772
  Dodge: Dodged            |    24 |   123 |   141 |   262 |   481 |   378 |   420 |   212 |  1342 ||  3383
         Repelled          |       |       |       |       |    50 |    81 |   139 |    85 |   380 ||   735
  Block: Buckler           |       |       |       |       |   435 |       |       |       |       ||   435
         Tower shield      |       |       |       |       |   156 |  1814 |  1834 |  1266 |  7106 || 12176
         Other             |       |       |       |       |       |       |     2 |       |    40 ||    42
   Form: Statue            |       |       |       |       |     2 |       |       |       |     1 ||     3
                           |       |       |       |       |     1 |       |       |       |       ||     1
         Death             |       |       |       |       |       |       |       |       |     2 ||     2

Table legend: (Time is in decaauts)
 A = Elapsed time spent in this place.
 B = Non-inter-level travel time spent in this place.
 C = Inter-level travel time spent in this place.
 D = Time resting spent in this place.
 E = Time spent auto-exploring this place.
 F = Levels seen in this place.
 G = Mean time per level.
                   A        B        C        D        E       F      G
               +--------+--------+--------+--------+--------+-----+--------+
         Total | 113854 | 101423 |  12431 |   4339 |  68837 | 108 | 1054.2 |
       Dungeon |  17503 |  15426 |   2077 |    468 |  11807 |  15 | 1166.9 |
        Temple |     12 |     12 |      0 |      0 |      0 |   1 |   12.0 |
          Lair |   6549 |   5281 |   1268 |    242 |   3775 |   5 | 1309.8 |
         Swamp |   4793 |   3947 |    846 |     96 |   2679 |   4 | 1198.2 |
     Snake Pit |   6664 |   6358 |    306 |     54 |   4782 |   4 | 1666.0 |
    Slime Pits |   4658 |   4366 |    292 |    364 |   2943 |   5 |  931.6 |
  Orcish Mines |   1271 |   1098 |    173 |     50 |    763 |   2 |  635.5 |
   Elven Halls |   4771 |   4459 |    312 |      0 |   2953 |   3 | 1590.3 |
        Vaults |   9493 |   8047 |   1446 |    245 |   5481 |   5 | 1898.6 |
         Crypt |   2679 |   2411 |    268 |      0 |   1678 |   3 |  893.0 |
          Tomb |   2085 |   1675 |    410 |     88 |   1165 |   3 |  695.0 |
        Depths |   8166 |   6191 |   1975 |    405 |   4095 |   4 | 2041.5 |
          Hell |   1756 |   1304 |    452 |    319 |    648 |   1 | 1756.0 |
           Dis |   5730 |   5318 |    412 |    792 |   3251 |   7 |  818.6 |
       Gehenna |   5916 |   5339 |    577 |     90 |   3984 |   7 |  845.1 |
       Cocytus |   2863 |   2630 |    233 |     12 |   1761 |   7 |  409.0 |
      Tartarus |   2683 |   2344 |    339 |     22 |   1678 |   7 |  383.3 |
           Zot |   7233 |   6195 |   1038 |    161 |   4247 |   5 | 1446.6 |
         Abyss |    557 |    557 |      0 |      0 |     64 |   2 |  278.5 |
   Pandemonium |  17549 |  17549 |      0 |    929 |  10588 |  15 | 1169.9 |
        Bazaar |    199 |    199 |      0 |      0 |     81 |   1 |  199.0 |
         Sewer |    186 |    186 |      0 |      0 |     99 |   1 |  186.0 |
      Ice Cave |    526 |    526 |      0 |      0 |    310 |   1 |  526.0 |
               +--------+--------+--------+--------+--------+-----+--------+

Top non-repeatable levels by time:
   Dis:7: 3011 daAuts
   Geh:7: 2988 daAuts
Vaults:4: 2188 daAuts
Depths:2: 2178 daAuts
Depths:3: 2048 daAuts
Vaults:3: 2024 daAuts
Depths:1: 2015 daAuts
Vaults:1: 1930 daAuts
Depths:4: 1924 daAuts
   Elf:2: 1911 daAuts
 Slime:5: 1811 daAuts
 Snake:1: 1766 daAuts
    D:15: 1761 daAuts
    Hell: 1756 daAuts
Vaults:2: 1746 daAuts
